 Dungeon Crawl Stone Soup version 0.31.0-7-gf635a9b802 (webtiles) character file.

Game seed: 11508361414311329751

53 Xavori the Trooper (level 4, 0/31 (35) HPs)
             Began as a Djinni Chaos Knight on Jan 23, 2024.
             Was a Plaything of Xom.
             Slain by Robin
             ... wielding a +0 spear
              (2 damage)
             ... on level 2 of the Dungeon.
             The game lasted 00:01:23 (9630 turns).

Xavori the Trooper (Djinni Chaos Knight)            Turns: 9630, Time: 00:01:24

HP:   0/31 (35)     AC:  5    Str: 10 (11) XL:     4   Next: 10%
Gold: 102           EV: 12    Int: 14      God:    Xom [..*...] SH:  0 Dex: 13 (14)

rFire   + + .        a - +0 falchion (chaos)
rCold   x . .        (no shield)
rNeg    . . .        b - +2 leather armour
rPois   ∞            (helmet restricted)
rElec   .            (no cloak)
rCorr   .            (no gloves)
SInv    .            (boots unavailable)
Will    +....        h - amulet of the acrobat
Stlth   +            (no ring)
HPRegen 0.25/turn    (no ring)
MPRegen 0.00/turn

%: acrobat, infuse magic (-1 HP)
@: flying, heavily drained
A: sickness immunity, fire resistance 2, cold vulnerability 1, float, innate
caster, HP casting, extra vitality 1, horns 1, strong-willed 1
a: Renounce Religion


You were on level 2 of the Dungeon.
You worshipped Xom.
You were a toy of Xom.
You visited 1 branch of the dungeon, and saw 2 of its levels.

You collected 102 gold pieces.

Inventory:

Hand Weapons
 a - a +0 falchion of chaos (weapon)
Armour
 b - a +2 leather armour (worn)
Jewellery
 h - an amulet of the acrobat (around neck)
Wands
 i - a wand of charming (5)
Scrolls
 c - 2 scrolls of butterflies
 d - 2 scrolls of identify {unknown}
 e - a scroll of revelation {unknown}
 f - 2 scrolls of amnesia {unknown}
Potions
 g - a potion of mutation
 j - a potion of heal wounds {unknown}


   Skills:
 + Level 3.3 Fighting
 + Level 3.1 Long Blades
 + Level 2.0 Armour
 + Level 2.5 Dodging
 * Level 0.5 Spellcasting
 * Level 0.5 Conjurations
 * Level 0.5 Hexes
 * Level 0.5 Summonings
 * Level 0.5 Necromancy
 * Level 0.5 Translocations
 * Level 0.5 Fire Magic
 * Level 0.5 Ice Magic
 * Level 0.5 Air Magic
 * Level 0.5 Earth Magic
 * Level 0.5 Alchemy


You knew the following spells:

 Your Spells              Type           Power      Damage    Failure   Level
a - Kiss of Death         Conj/Necr      4%         2d5       28%         1
Your spell library was empty.

Dungeon Overview and Level Annotations

Branches:
Dungeon (2/15)

Altars:

Annotations:
D:2 Robin


Innate Abilities, Weirdness & Mutations

You are immune to sickness and miasma.
You are immune to poison.
Your flesh is very heat resistant. (rF++)
You are vulnerable to cold. (rC-)
You float through the air rather than walking.
You learn spells naturally, not from books.
Your magical power is your life essence.
You have superior vitality. (+4 MHP)
You have a pair of small horns on your head.
You are strong-willed. (Will+)


Message History

* * * LOW HITPOINT WARNING * * *
Robin hits you but does no damage.
You hit the hobgoblin but do no damage.
The hobgoblin is heavily wounded.
The hobgoblin hits you.
* * * LOW HITPOINT WARNING * * *
Robin throws the goblin at you!
The hobgoblin hits you but does no damage.
The goblin hits you with a +0 club.
* * * LOW HITPOINT WARNING * * *
You hit the goblin. You burn the goblin.
You kill the goblin!
Robin hits you from afar with a +0 spear.
* * * LOW HITPOINT WARNING * * *
The hobgoblin barely misses you. Robin hits you but does no damage.
You closely miss the hobgoblin.
The hobgoblin is moderately wounded.
The hobgoblin misses you. Robin misses you.
You barely miss the hobgoblin.
The hobgoblin is moderately wounded.
The hobgoblin completely misses you.
Robin hits you from afar with a +0 spear.
* * * LOW HITPOINT WARNING * * *
It was a potion of mutation.
You feel extremely strange.
Your teeth shrink to normal size.
The antennae on your head shrink away.
You feel stupid. A pair of horns grows on your head!
You feel strong-willed. The hobgoblin closely misses you.
Robin hits you but does no damage.
You barely miss the hobgoblin.
The hobgoblin is moderately wounded.
The hobgoblin barely misses you. Robin closely misses you.
You hit the hobgoblin but do no damage.
The hobgoblin is moderately wounded.
The hobgoblin closely misses you. Robin barely misses you.
You closely miss the hobgoblin.
The hobgoblin is moderately wounded.
The hobgoblin barely misses you.
Robin points. "Kill!"
Robin hits you from afar with a +0 spear.
You die...
Robin says, "And that's why I'm the boss."

#..<# #.#######... #.....
#...........
.g....#######
#......##..( ........#...
#......####'
.)..#.#.######...........
#..).......+...........
#...{....# #...........
#..#g###.###.#.........
..J$.#gg@).....####..####
...#.#.######.#### #.##
## #... #.# #.# . .. #..
#.# . ... ###. #.. #. ...
.# #.. #


You could see Robin and 2 hobgoblins.

Vanquished Creatures
  A gnoll (D:1)
  A ribbon worm (D:2)
  4 ball pythons
  An endoplasm (D:2)
  A giant cockroach (D:1)
  12 goblins
  5 hobgoblins
  A quokka (D:2)
  5 bats
  A frilled lizard (D:1)
  4 kobolds
36 creatures vanquished.

Notes
Turn   | Place    | Note
-------+----------+-------------------------------------------
     0 | D:1      | Xavori the Djinni Chaos Knight began the quest for the Orb.
     0 | D:1      | Reached XP level 1. HP: 20/20 MP: 0/0
     7 | D:1      | XOM: divination: detect creatures
   236 | D:1      | Reached XP level 2. HP: 25/25 MP: 0/0
   236 | D:1      | XOM: divination: detect items
   252 | D:1      | XOM: silly message
   294 | D:1      | XOM: smoke on damage
   379 | D:1      | XOM: potion effect (haste)
   386 | D:1      | Reached XP level 3. HP: 5/30 MP: 0/0
   386 | D:1      | Learned a level 1 spell: Kiss of Death
   875 | D:1      | XOM: silly message
  1386 | D:1      | XOM: silly message
  1433 | D:1      | XOM: silly message
  2252 | D:1      | XOM: silly message
  3279 | D:1      | XOM: cloud trail
  3340 | D:1      | XOM: silly message
  3457 | D:1      | XOM: silly message
  3531 | D:1      | XOM: silly message
  3726 | D:1      | XOM: silly message
  3899 | D:1      | XOM is BORED!
  3899 | D:1      | XOM: silly message
  4540 | D:1      | XOM: god gift: Xom's Octavo of Parts Unknown {god gift}
  4550 | D:1      | XOM: divination: detect items
  4848 | D:1      | XOM is BORED!
  4848 | D:1      | XOM: summons 1 hostile shadow creature
  5691 | D:1      | XOM: cloud trail
  6528 | D:1      | XOM: cloud trail
  6548 | D:1      | XOM: god gift: wand of charming (5)
  7080 | D:1      | XOM: divination: detect creatures
  7465 | D:1      | XOM: give mutations
  7465 | D:1      | Gained mutation: Your mind is acute. (Int +4, Str/Dex -1)
                  | [Xom's grace]
  7465 | D:1      | Gained mutation: You have very sharp teeth. [Xom's grace]
  7465 | D:1      | Gained mutation: You have a pair of small antennae on your
                  | head. [Xom's grace]
  7630 | D:1      | XOM: god gift: +2 lajatang of electrocution
  7770 | D:1      | XOM: summons 1 hostile demon
  7879 | D:2      | XOM: stat loss: -1 Str (9/10)
  8124 | D:1      | XOM: draining
  8334 | D:1      | XOM: summons 4 hostile shadow creatures
  8352 | D:2      | XOM: stat loss: -1 Str (8/10)
  9071 | D:1      | XOM is BORED!
  9071 | D:1      | XOM: stat loss: -1 Dex (12/13)
  9573 | D:2      | Noticed Robin
  9575 | D:2      | XOM: chaos upgrade
  9577 | D:2      | XOM: confuse monster(s)
  9613 | D:2      | Reached XP level 4. HP: 22/31 MP: 0/0
  9626 | D:2      | HP: 1/31 [Robin/+0 spear (2)]
  9627 | D:2      | Lost mutation: You have very sharp teeth. [potion of
                  | mutation]
  9627 | D:2      | Lost mutation: You have a pair of small antennae on your
                  | head. [potion of mutation]
  9627 | D:2      | Lost mutation: Your mind is acute. (Int +4, Str/Dex -1)
                  | [potion of mutation]
  9627 | D:2      | Gained mutation: You have a pair of small horns on your
                  | head. [potion of mutation]
  9627 | D:2      | Gained mutation: You are strong-willed. (Will+) [potion of
                  | mutation]
  9630 | D:2      | Slain by Robin

Illustrated notes

Levels and vault maps discovered:
D:1:      psy_arrival_whirlpool, layout_loops_corners, kennysheep_nondescript
D:2:      layout_basic, uniq_robin, uniq_crazy_yiuf_cottage

Skill      XL: |  1  2  3 |
---------------+----------+-----
Long Blades    | 3 |  3.1
Armour         | 2 |  2.0
Fighting       | |  3.3
Dodging        | |  2.5
Spellcasting   | |  0.5
Conjurations   | |  0.5
Hexes          | |  0.5
Summonings     | |  0.5
Necromancy     | |  0.5
Translocations | |  0.5
Fire Magic     | |  0.5
Ice Magic      | |  0.5
Air Magic      | |  0.5
Earth Magic    | |  0.5
Alchemy        | |  0.5

Action                     |  1- 3 |  4- 6 || total
---------------------------+-------+-------++-------
  Melee: Falchion          |   113 |    17 ||   130
         Bite              |     5 |     2 ||     7
         Punch             |     1 |       ||     1
    Use: Potion            |       |     1 ||     1
 Armour: Leather armour    |    71 |    16 ||    87
  Dodge: Dodged            |    68 |    15 ||    83
